 Dungeon Crawl Stone Soup version 0.24-a0-584-g9d6b971ae4 (webtiles) character file.

Game seed: 13453990620713062132, levelgen mode: deterministic

5171 Flugkiller the Fighter (level 10, -2/95 HPs)
             Began as a Red Draconian Hunter on Aug 29, 2019.
             Was a Follower of Uskayaw.
             Slain by Gastronok (5 damage)
             ... on level 8 of the Dungeon.
             The game lasted 00:15:47 (8272 turns).

Flugkiller the Fighter (Red Draconian Hunter)       Turns: 8272, Time: 00:15:48

Health: -2/95      AC:  7    Str: 14    XL:     10   Next: 34%
Magic:  9/12       EV: 16    Int: 16    God:    Uskayaw [*.....]
Gold:   324        SH:  0    Dex: 11    Spells: 9/9 levels left

rFire    + . .     SeeInvis .   C - +1 dagger (elec)
rCold    . . .     Gourm    .   (no shield)
rNeg     . . .     Faith    .   (armour unavailable)
rPois    .         Spirit   .   (helmet restricted)
rElec    .         Reflect  .   (no cloak)
rCorr    .         Harm     .   (no gloves)
MR       .....                  (no boots)
Stlth    ++........             g - amulet of regeneration
HPRegen  0.65/turn              y - ring of wizardry
MPRegen  0.13/turn              (no ring)

@: short of breath, slowed, very slow
A: breathe fire, unfitting armour, hooves 1, fire resistance 1, low mp 1,
cold-blooded, AC +7
a: Breathe Fire, Stomp, Renounce Religion


You were on level 8 of the Dungeon.
You worshipped Uskayaw.
Uskayaw was noncommittal.
You were very hungry.

You visited 1 branch of the dungeon, and saw 8 of its levels.

You collected 324 gold pieces.

Inventory:

Hand Weapons
 a - a +5 dagger
   (You took it off a wight on level 6 of the Dungeon)
 f - a +3 short sword
   (You found it on level 3 of the Dungeon)
 C - a +1 dagger of electrocution (weapon)
   (You took it off an orc on level 7 of the Dungeon)
Missiles
 b - 6 javelins
 c - 3 throwing nets
 n - 50 poisoned darts (quivered)
Armour
 t - a +0 cloak
   (You found it on level 7 of the Dungeon)
Jewellery
 g - an amulet of regeneration (around neck)
   (You found it on level 1 of the Dungeon)
 x - an uncursed amulet of the acrobat
   (You found it on level 4 of the Dungeon)
 y - a ring of wizardry (left hand)
   (You found it on level 5 of the Dungeon)
Wands
 q - a wand of clouds (3)
   (You found it on level 3 of the Dungeon)
 r - a wand of flame (20)
   (You took it off a kobold on level 5 of the Dungeon)
Scrolls
 i - 2 scrolls of enchant weapon
 j - a scroll of amnesia
 l - a scroll of remove curse
 m - a scroll of immolation
 p - 2 scrolls of noise {unknown}
 s - a scroll of fear {unknown}
 u - a scroll of fog {unknown}
 w - a scroll of teleportation
 B - a scroll of random uselessness {unknown}
 D - a scroll of blinking {unknown}
Potions
 e - 2 potions of brilliance {unknown}
 h - a potion of cancellation
 k - a potion of resistance {unknown}
 o - 3 potions of haste {unknown}
 v - a potion of curing {unknown}
 z - a potion of flight {unknown}
 A - a potion of berserk rage
 E - a potion of lignification {unknown}
 F - a potion of heal wounds {unknown}
Comestibles
 d - 11 rations


   Skills:
 - Level 11.0 Fighting
 - Level 3.6 Throwing
 + Level 8.5 Dodging
 - Level 2.1 Stealth
 - Level 5.0 Invocations
 - Level 5.3 Evocations


You had 9 spell levels left.
You didn't know any spells.
Your spell library was empty.

Dungeon Overview and Level Annotations

Branches:
Dungeon (8/15)             Temple (0/1) D:7
   Lair: D:8-11

Altars:
Dithmenos
Elyvilon
Gozag
Makhleb
Nemelex Xobeh
Uskayaw
Vehumet
Wu Jian
Zin

Annotations:
D:8 Gastronok


Innate Abilities, Weirdness & Mutations

You can breathe blasts of fire.
Your fiery red scales are hard. (AC +7)
You cannot fit into any form of body armour.
Your flesh is heat resistant. (rF+)
You are cold-blooded and may be slowed by cold attacks.
You have large cloven feet.
Your magical capacity is low. (-10% MP)


Message History

Gastronok mumbles some strange words.
You feel a sudden, passing aversion to salt.
Unknown command.
You hit Gastronok. You kick Gastronok.
Gastronok is heavily wounded.
Gastronok barely misses you.
Unknown command.
You barely miss Gastronok.
You tail-slap Gastronok, but do no damage.
Gastronok is heavily wounded.
Gastronok closely misses you.
Unknown command.
You hit Gastronok. Lightning courses through Gastronok!
Gastronok is heavily wounded.
Unknown command.
You hit Gastronok. Lightning courses through Gastronok!
Gastronok is severely wounded.
Gastronok gurgles, "A snack!
A snack!"
Gastronok looks at you and mumbles some strange words.
You feel as though you will be slow longer.
You can now pass through a line of other dancers.
Unknown command.
You hit Gastronok but do no damage. Lightning courses through Gastronok!
Gastronok is severely wounded.
Gastronok bites you!!
* * * LOW HITPOINT WARNING * * *
You hit Gastronok but do no damage.
Gastronok is severely wounded.
Gastronok waves his eye-stalks in wide circles.
The air twists around and strikes you!
* * * LOW HITPOINT WARNING * * *
Unknown command.
Unknown command.
Evoke which item? (* to show all) (? for menu, Esc to quit)
Okay, then.
Unknown command.
Evoke which item? (* to show all) (? for menu, Esc to quit)
Aiming: Cloud Cone
Press: ? - help, Dir - move target cursor, f/p - Gastronok
Aim: Gastronok, wearing a +2 hat (almost dead, poisoned)
You create a blast of freezing vapour!
Unknown command.
Unknown command.
You stomp with the beat, sending a shockwave through the revelers around you!
Gastronok is almost dead.
You feel somewhat more hungry.
You can no longer pass through a line of other dancers.
Gastronok is engulfed in freezing vapours.
Gastronok bites you.
You die...

.......# #.........# #..
.##..#########.........# #..
.#######.....#.........# #..
......#......#.........# #..
......#).....#§§.......# #..
.....)'......#.§.w((...########..
.##..##.##...##§####(............
.##..##.##...##.w(.#.............
................@..#..w..........
...................#...(.........
...................#.....(.......
...................#.............
...................#.............
..>................#.............
.##..#######'#######.w...........
######.................#'###.....
#.................#...+.....


You could see Gastronok.

Vanquished Creatures
  A two-headed ogre (D:8)
  Joseph (D:7)
  Grinder (D:6)
  A hippogriff (D:8)
  A spriggan (D:7)
  2 hungry ghosts (D:7)
  Menkaure (D:6)
  3 orc warriors
  3 ice beasts (D:6)
  A sky beast (D:5)
  A black bear (D:7)
  4 ogres
  A necrophage (D:7)
  2 phantoms
  3 centaurs
  2 bullfrogs
  A wyvern zombie (D:7)
  2 scorpions
  5 wights (D:6)
  4 crimson imps
  3 bullfrog zombies
  3 hounds
  11 orc wizards
  2 centaur skeletons
  4 orc priests
  2 bullfrog skeletons
  An iguana (D:8)
  4 worker ants
  A hound zombie (D:6)
  A hound skeleton (D:4)
  A howler monkey zombie (D:5)
  11 adders
  A worm (D:3)
  An adder skeleton (D:5)
  2 dart slugs
  5 leopard geckos
  32 orcs
  2 giant cockroaches
  7 goblins
  11 hobgoblins
  4 jackals
  7 kobolds
  A quokka (D:7)
  3 ball pythons
  9 bats
  4 frilled lizards
  A leopard gecko skeleton (D:4)
  7 rats
181 creatures vanquished.

Notes
Turn   | Place    | Note
-------+----------+-------------------------------------------
     0 | D:1      | Flugkiller the Draconian Hunter began the quest for the
                  | Orb.
     0 | D:1      | Reached XP level 1. HP: 17/17 MP: 1/1
    16 | D:1      | Reached skill level 1 in Stealth
   156 | D:1      | Reached XP level 2. HP: 24/24 MP: 2/2
   704 | D:1      | Reached skill level 3 in Fighting
   909 | D:2      | Found a glowing silver altar of Zin.
   986 | D:2      | Reached XP level 3. HP: 29/31 MP: 3/3
  1523 | D:2      | Reached skill level 4 in Fighting
  1558 | D:2      | Reached XP level 4. HP: 8/41 MP: 4/4
  2366 | D:3      | Noticed a +0 dagger
  2367 | D:3      | Found a hide-covered altar of Uskayaw.
  2367 | D:3      | Noticed a +0 dagger
  2384 | D:3      | Became a worshipper of Uskayaw the Reveler
  2427 | D:3      | Reached skill level 5 in Fighting
  2427 | D:3      | Reached * piety under Uskayaw
  2731 | D:4      | Reached ** piety under Uskayaw
  2736 | D:4      | Reached skill level 1 in Invocations
  2736 | D:4      | Reached XP level 5. HP: 26/48 MP: 5/5
  3323 | D:4      | Noticed an ogre
  3338 | D:4      | Killed an ogre
  3338 | D:4      | Reached XP level 6. HP: 26/56 MP: 0/8
  3651 | D:4      | Found an ornate altar of the Wu Jian Council.
  3668 | D:4      | Found a shadowy altar of Dithmenos.
  3771 | D:4      | Found an opulent altar of Gozag.
  4004 | D:5      | Entered Level 5 of the Dungeon
  4136 | D:5      | Found a radiant altar of Vehumet.
  4222 | D:5      | Reached skill level 6 in Fighting
  4222 | D:5      | Your scales start taking on a fiery red colour.
  4222 | D:5      | Reached XP level 7. HP: 36/63 MP: 9/9
  4222 | D:5      | Gained mutation: Your flesh is heat resistant. (rF+) [Red
                  | Draconian growth]
  4449 | D:5      | Reached skill level 7 in Fighting
  4482 | D:5      | Found a sparkling altar of Nemelex Xobeh.
  4840 | D:5      | Reached skill level 5 in Dodging
  4846 | D:5      | Found a burning altar of Makhleb.
  4959 | D:5      | Reached XP level 8. HP: 73/73 MP: 11/11
  5004 | D:6      | Reached *** piety under Uskayaw
  5011 | D:6      | Reached skill level 5 in Invocations
  5013 | D:6      | Noticed Grinder
  5026 | D:6      | Reached **** piety under Uskayaw
  5029 | D:6      | Paralysed by Grinder for 7 turns
  5039 | D:6      | Killed Grinder
  5039 | D:6      | Reached skill level 8 in Fighting
  5129 | D:6      | Noticed Menkaure
  5138 | D:6      | Killed Menkaure
  5155 | D:6      | Found a white marble altar of Elyvilon.
  5182 | D:6      | Reached skill level 9 in Fighting
  5666 | D:6      | Reached skill level 10 in Fighting
  5686 | D:6      | Reached XP level 9. HP: 56/85 MP: 12/12
  5909 | D:6      | Reached skill level 11 in Fighting
  6110 | D:7      | Noticed Joseph
  6119 | D:7      | Killed Joseph
  6178 | D:7      | Gained mutation: Your magical capacity is low. (-10% MP)
                  | [potion of mutation]
  6178 | D:7      | Gained mutation: You have large cloven feet. [potion of
                  | mutation]
  6236 | D:7      | Reached skill level 1 in Evocations
  7004 | D:7      | Found a staircase to the Ecumenical Temple.
  7295 | D:7      | Reached XP level 10. HP: 95/95 MP: 12/12
  7594 | D:8      | Noticed a two-headed ogre
  7657 | D:8      | Killed a two-headed ogre
  7657 | D:8      | Reached skill level 5 in Evocations
  8081 | D:8      | Noticed Gastronok
  8270 | D:8      | HP: 1/95 [Gastronok/the air (32)]
  8272 | D:8      | Slain by Gastronok

Levels and vault maps discovered:
D:1:      minmay_arrival_shoal_huts, layout_loops_ring, minmay_tetromino_i4
D:2:      layout_loops_corners, nicolae_overflow_hidden_temple
D:3:      layout_loops_ring, dancing_weapons_uskayaw
D:4:      layout_basic, lemuel_crystal_altar, lemuel_round_altar,
          nicolae_gozag_seed_capital, first_ration
D:5:      layout_loops_corners, vehumet_altar_wand_db, bloody_makhleb,
          nemelex_lonely_heart_becter
D:6:      layout_basic, lemuel_round_altar, uniq_grinder, uniq_menkaure
D:7:      layout_loops_ring, minmay_temple_entry_statues, the_bakery,
          uniq_joseph
D:8:      layout_gridville, lemuel_coloured_pillars_altar, grunt_ministairs_7,
          uniq_gastronok

Skill      XL: |  1  2  3  4  5  6  7  8  9 10 |
---------------+-------------------------------+-----
Stealth        | 2 |  2.1
Fighting       | 3 4 5 6 7 10 11 | 11.0
Dodging        | 2 3 5 7 8 |  8.5
Invocations    | 1 2 3 4 5 |  5.0
Evocations     | 4 5 |  5.3
Throwing       | |  3.6

Action                   |  1- 3 |  4- 6 |  7- 9 | 10-12 || total
-------------------------+-------+-------+-------+-------++-------
Melee: Short sword       |   166 |    68 |   387 |    41 ||   662
       Tailslap          |    16 |    14 |    50 |     8 ||    88
       Dagger            |       |    94 |       |    34 ||   128
       Kick              |       |       |    39 |    19 ||    58
Throw: Javelin           |     5 |    12 |     7 |       ||    24
       Dart              |       |       |       |    12 ||    12
Invok: Stomp             |       |     5 |     7 |     2 ||    14
 Abil: Breathe Fire      |       |       |    29 |     7 ||    36
Evoke: Wand              |       |       |       |     1 ||     1
  Use: Scroll            |     1 |     3 |     6 |       ||    10
       Potion            |       |       |     1 |       ||     1
 Stab: Sleeping          |     4 |     6 |     1 |       ||    11
       Paralysed         |       |       |     9 |       ||     9
       Distracted        |       |       |     1 |       ||     1
  Eat: Chunk             |     2 |    10 |    16 |     4 ||    32
       Ration            |       |       |       |     1 ||     1
Armor: Skin              |    59 |    43 |    96 |    20 ||   218
Dodge: Dodged            |   136 |    92 |   279 |    54 ||   561

Table legend:
 A = Non-vault XP
 B = Vault XP
 C = Vault XP percentage of total XP
 D = Non-vault monster count
 E = Vault monster count
 F = Vault count percentage of total count
                 A         B        C        D         E       F
            +---------+---------+-------+---------+---------+-------
      Total |    5953 |    1435 |  19.4 |     168 |      13 |   7.2
            +---------+---------+-------+---------+---------+-------
        D:1 |      35 |       3 |   7.9 |      21 |       2 |   8.7
        D:2 |     101 |       0 |   0.0 |      25 |       0 |   0.0
        D:3 |      47 |       0 |   0.0 |      12 |       0 |   0.0
        D:4 |     453 |       0 |   0.0 |      15 |       0 |   0.0
        D:5 |     922 |       1 |   0.1 |      20 |       1 |   4.8
        D:6 |    1458 |     453 |  23.7 |      32 |       2 |   5.9
        D:7 |    1399 |     936 |  40.1 |      35 |       7 |  16.7
        D:8 |    1538 |      42 |   2.7 |       8 |       1 |  11.1
            +---------+---------+-------+---------+---------+-------
